 Dungeon Crawl Stone Soup version 0.19-a0-1608-g4cf22de (webtiles) character file.

6012 Kidiri the Thaumaturge (level 10, -1/56 HPs)
             Began as a Deep Elf Fire Elementalist on Sept 17, 2016.
             Was a Believer of Vehumet.
             Slain by a killer bee (4 damage)
             ... on level 8 of the Dungeon.
             The game lasted 00:45:12 (12605 turns).

Kidiri the Thaumaturge (DEFE)                      Turns: 12605, Time: 00:45:13

Health: -1/56      AC:  7    Str:  9    XL:     10   Next: 56%
Magic:  2/26       EV: 15    Int: 27    God:    Vehumet [**....]
Gold:   503        SH:  0    Dex: 15    Spells: 9 memorised, 2 levels left

rFire  . . .     SeeInvis .     D - +3 dagger "Foahij" {pain, Str+4}
rCold  . . .     Gourm    .     a - +0 robe
rNeg   . . .     Faith    .     (no shield)
rPois  .         Spirit   .     f - +0 helmet
rElec  .         Dismiss  .     u - +1 cloak
rCorr  .         Reflect  .     (no gloves)
MR     +....     Harm     .     (no boots)
Stlth  ++........               (no amulet)
                                y - ring of wizardry
                                o - +3 ring of intelligence

@: lethally poisoned (-1 -> -33)
A: hooves 1, yellow scales 1
a: Renounce Religion


You were on level 8 of the Dungeon.
You worshipped Vehumet.
Vehumet was pleased with you.
You were not hungry.

You visited 2 branches of the dungeon, and saw 9 of its levels.
You also visited: Sewer.

You collected 503 gold pieces.

Inventory:

Hand Weapons
 t - a +2 dagger of holy wrath
 D - the +3 dagger "Foahij" (weapon) {pain, Str+4}
   (You found it on level 5 of the Dungeon)

   In the hands of one skilled in necromantic magic, it inflicts extra damage on
   living creatures.
   It affects your strength (+4).
Armour
 a - a +0 robe (worn)
 f - a +0 helmet (worn)
 g - a +0 shield
 u - a +1 cloak (worn)
Jewellery
 k - an uncursed ring of stealth
 o - a +3 ring of intelligence (left hand)
 y - a ring of wizardry (right hand)
Wands
 l - a wand of lightning (7/15)
 p - a wand of flame (17/48)
 w - a wand of paralysis (9/24)
 E - a wand of teleportation (1/9)
 G - a wand of iceblast (9/15)
 H - a wand of hasting (7/9)
 I - a wand of disintegration (8/24)
Scrolls
 m - 2 scrolls of remove curse
 v - a scroll of noise
 F - a scroll of fog
 J - a scroll of immolation
Potions
 e - a potion of lignification
 i - a potion of brilliance
 j - 2 potions of magic
 q - a potion of agility
 r - a potion of flight
 z - a potion of ambrosia
 A - 2 potions of mutation {unknown}
 C - a potion of invisibility {unknown}
 K - a potion of cure mutation {unknown}
Books
 b - a book of Flames

   Spells                             Type                      Level
   a - Flame Tongue                   Conjuration/Fire             1
   b - Throw Flame                    Conjuration/Fire             2
   c - Conjure Flame                  Conjuration/Fire             3
   d - Inner Flame                    Hexes/Fire                   3
   e - Sticky Flame                   Conjuration/Fire             4
   f - Fireball                       Conjuration/Fire             5
 B - a book of Geomancy

   Spells                             Type                      Level
   a - Sandblast                      Earth                        1
   b - Passwall                       Transmutation/Earth          2
   c - Stone Arrow                    Conjuration/Earth            3
   d - Petrify                        Transmutation/Earth          4
   e - Lee's Rapid Deconstruction     Earth                        5
Comestibles
 c - 3 bread rations
 d - 4 slices of pizza
 h - 3 meat rations
 n - 9 chunks of flesh


   Skills:
 + Level 3.3 Fighting
 + Level 4.6 Short Blades
 + Level 3.5 Armour
 + Level 5.0 Dodging
 - Level 2.4 Stealth
 + Level 3.2 Shields
 * Level 10.5 Spellcasting
 + Level 6.2 Conjurations
 + Level 6.6 Fire Magic
 + Level 5.2 Earth Magic
 + Level 4.3 Evocations


You had 2 spell levels left.
You knew the following spells:

 Your Spells              Type           Power        Failure   Level  Hunger
a - Flame Tongue          Conj/Fire      #####        1%          1    None
b - Throw Flame           Conj/Fire      #####.       1%          2    None
c - Conjure Flame         Conj/Fire      #####...     1%          3    None
d - Inner Flame           Hex/Fire       ####....     1%          3    None
e - Sticky Flame          Conj/Fire      #####...     1%          4    None
f - Fireball              Conj/Fire      #####.....   4%          5    ###....
g - Stone Arrow           Conj/Erth      #####.       1%          3    None
h - Lee's Rapid Deconstr  Erth           #####.....   7%          5    ###....
i - Passwall              Tmut/Erth      ####......   1%          2    None


Dungeon Overview and Level Annotations

Branches:
Dungeon (8/15)             Temple (1/1) D:5            Lair (0/6) D:8

Altars:
Ashenzari
Cheibriados
Elyvilon
Fedhas
Gozag
Hepliaklqana
Kikubaaqudgha
Makhleb
Nemelex Xobeh
Okawaru
Qazlal
Ru
Sif Muna
Trog
Uskayaw
Vehumet
Xom
Yredelemnul
Zin
The Shining One

Shops:
D:4 *   D:6 }


Innate Abilities, Weirdness & Mutations

You have large cloven feet.
You are partially covered in yellow scales. (AC +2)


Message History

The killer bee is heavily wounded.
The killer bee is covered in liquid flames!
The killer bee buzzes angrily.
You feel sick.
The killer bee burns!
The killer bee closely misses you. The killer bee stings you.
You are more poisoned.
The killer bee poisons you! The killer bee barely misses you.
The killer bee completely misses you. The crocodile closely misses you.
The killer bee stings you! The killer bee barely misses you.
Unknown command.
You barely miss the killer bee. Your kick misses the killer bee.
The killer bee is almost dead.
You feel sick.
The killer bee burns!
The killer bee misses you. The killer bee barely misses you.
The killer bee stings you.
* * * LOW HITPOINT WARNING * * *
You are more poisoned.
The killer bee poisons you! The crocodile bites you!
* * * LOW HITPOINT WARNING * * *
The killer bee misses you. The killer bee stings you.
You die...

#
####..........
#....#.######
#...........(#
#....####....#
#...# ###(.##
#..# #†...#
#.# #%##..# #.
#%# #y.# #.#
#@y# #%#
#ty....# #y#
.y.####.# ##
#...# .....
.......
.###... .#
....


You could see a crocodile and 4 killer bees.

Vanquished Creatures
  Joseph (D:7)
  A two-headed ogre (D:6)
  A queen bee (D:8)
  Prince Ribbit (D:7)
  2 hippogriffs
  3 basilisks (D:8)
  Menkaure (D:5)
  4 porcupines (D:8)
  2 orc warriors (D:7)
  A black bear (D:8)
  A necrophage (D:7)
  2 sky beasts
  An ogre (D:7)
  8 centaurs
  A crocodile (D:8)
  7 bullfrogs
  A scorpion (D:7)
  6 killer bees (D:8)
  5 howler monkeys
  A centaur zombie (D:7)
  A crimson imp (D:6)
  3 hounds
  8 orc priests
  2 jellies
  7 orc wizards
  Crazy Yiuf (D:7)
  11 iguanas (D:8)
  5 worker ants
  A killer bee zombie (D:7)
  A hound zombie (D:6)
  A hound skeleton (D:5)
  3 gnolls (D:6)
  9 adders
  2 river rats
  5 shadow imps
  7 oozes
  An adder zombie (D:6)
  4 adder skeletons
  4 worms
  16 leopard geckos
  30 orcs
  18 giant cockroaches
  11 goblins
  6 hobgoblins
  6 jackals
  12 kobolds
  A quokka (D:4)
  11 ball pythons
  8 bats
  18 frilled lizards
  A jackal zombie (D:6)
  A leopard gecko zombie (D:7)
  10 rats
275 creatures vanquished.

Vanquished Creatures (others)
  A plant (D:8)
1 creature vanquished.

Grand Total: 276 creatures vanquished

Notes
Turn   | Place    | Note
-------+----------+-------------------------------------------
     0 | D:1      | Kidiri the Deep Elf Fire Elementalist began the quest for the Orb.
     0 | D:1      | Reached XP level 1. HP: 10/10 MP: 6/6
   264 | D:1      | Reached XP level 2. HP: 10/15 MP: 6/8
   270 | D:1      | Learned a level 2 spell: Throw Flame
  1049 | D:1      | Reached XP level 3. HP: 19/19 MP: 8/10
  1054 | D:1      | Learned a level 3 spell: Conjure Flame
  1058 | D:1      | Learned a level 3 spell: Inner Flame
  1756 | D:2      | Reached skill level 4 in Spellcasting
  2185 | D:2      | Reached XP level 4. HP: 24/24 MP: 8/12
  2985 | D:3      | Reached skill level 5 in Spellcasting
  3241 | D:3      | Learned a level 4 spell: Sticky Flame
  3637 | D:3      | Reached XP level 5. HP: 28/28 MP: 11/14
  3918 | D:4      | Found a hazy altar of Hepliaklqana.
  3945 | D:4      | Found a glowing drain.
  4018 | Sewer    | Entered a sewer
  4405 | Sewer    | Reached skill level 6 in Spellcasting
  4745 | Sewer    | Reached XP level 6. HP: 32/32 MP: 6/17
  5101 | Sewer    | Learned a level 5 spell: Fireball
  5112 | Sewer    | Reached skill level 5 in Fire Magic
  5272 | D:4      | You fall through a shaft!
  5272 | D:5      | Entered Level 5 of the Dungeon
  5428 | D:4      | Reached XP level 7. HP: 25/37 MP: 3/19
  5431 | D:4      | Learned a level 1 spell: Sandblast
  5547 | D:4      | Gained mutation: You have large cloven feet. [potion of beneficial mutation]
  5548 | D:4      | Gained mutation: You are partially covered in yellow scales. (AC +2) [potion of beneficial mutation]
  5707 | D:4      | Reached skill level 1 in Armour
  5770 | D:4      | Found Cuer's Assorted Antiques.
  5892 | D:4      | Reached skill level 7 in Spellcasting
  6118 | D:4      | Reached skill level 1 in Evocations
  6728 | D:5      | Got a brightly glowing dagger
  6729 | D:5      | Identified the +3 dagger "Foahij" {pain, Str+4} (You found it on level 5 of the Dungeon)
  6755 | D:5      | Noticed Menkaure
  6760 | D:5      | Killed Menkaure
  6760 | D:5      | Reached skill level 1 in Short Blades
  6760 | D:5      | Reached skill level 1 in Earth Magic
  7015 | D:5      | Found a staircase to the Ecumenical Temple.
  7020 | Temple   | Entered the Ecumenical Temple
  7152 | Temple   | Became a worshipper of Vehumet
  7701 | D:5      | Reached skill level 1 in Fighting
  8020 | D:6      | Reached XP level 8. HP: 34/43 MP: 16/21
  8022 | D:6      | Found Qingash's Quality Used Wands.
  8302 | D:6      | Reached skill level 8 in Spellcasting
  8395 | D:6      | Learned a level 3 spell: Stone Arrow
  8553 | D:6      | Reached skill level 1 in Shields
  8818 | D:6      | Reached * piety under Vehumet
  8818 | D:6      | Offered knowledge of Magic Dart by Vehumet.
  9017 | D:6      | Noticed a two-headed ogre
  9036 | D:6      | Killed a two-headed ogre
  9036 | D:6      | Reached skill level 5 in Conjurations
  9235 | D:6      | Found a burning altar of Makhleb.
  9235 | D:6      | Noticed a green death
  9238 | D:6      | Noticed a smoke demon
  9238 | D:6      | Noticed an orange demon
  9374 | D:7      | Found a runed door.
  9378 | D:7      | Noticed Crazy Yiuf
  9381 | D:7      | Killed Crazy Yiuf
  9870 | D:7      | Noticed Prince Ribbit
  9876 | D:7      | Killed Prince Ribbit
  9876 | D:7      | Reached XP level 9. HP: 48/48 MP: 10/23
 10036 | D:7      | Reached skill level 9 in Spellcasting
 10068 | D:7      | Noticed Joseph
 10075 | D:7      | Killed Joseph
 10238 | D:7      | Learned a level 5 spell: Lee's Rapid Deconstruction
 11592 | D:8      | Reached skill level 10 in Spellcasting
 11592 | D:8      | Reached XP level 10. HP: 54/54 MP: 17/26
 11640 | D:8      | Learned a level 2 spell: Passwall
 11756 | D:8      | Reached skill level 5 in Earth Magic
 12018 | D:8      | Reached ** piety under Vehumet
 12021 | D:8      | Offered knowledge of Throw Frost by Vehumet.
 12393 | D:8      | Found a staircase to the Lair.
 12595 | D:8      | Offered knowledge of Mephitic Cloud by Vehumet.
 12595 | D:8      | Reached skill level 5 in Dodging
 12605 | D:8      | Slain by a killer bee

Vault maps used:
D:1:      sevenhm_arrival_forest_fort_small_3, minmay_tromino_i4
D:2:      kennysheep_big_flooded_room
D:4:      overflow_temple_1_default, portal_sewer_entry_b, serial_shops,
          shop_statue, amethyst_killhole, grunt_tough_drop
D:5:      first_bread, uniq_menkaure
D:6:      makhleb_altar_promises_db, glass_columns_a, grunt_ministairs_9,
          nicolae_for_you_no_charge
D:7:      uniq_joseph, uniq_crazy_yiuf_cottage, uniq_prince_ribbit1
D:8:      grunt_dithmenos_shadows, minmay_lair_entry_grove, david_nohive_1,
          dk_rats_in_the_wall
Temple:   regret_index_temple_mists
Sewer:    sewer_frog_island_02

Skill      XL: |  1  2  3  4  5  6  7  8  9 10 |
---------------+-------------------------------+-----
Conjurations   | 2 3 4 5 6 |  6.2
Spellcasting   | 4 5 6 7 8 10 | 10.5
Fire Magic     | 4 5 6 |  6.6
Armour         | 1 2 3 |  3.5
Evocations     | 2 3 4 |  4.3
Dodging        | 3 4 5 |  5.0
Short Blades   | 1 3 4 |  4.6
Earth Magic    | 2 3 4 5 |  5.2
Fighting       | 1 2 3 |  3.3
Shields        | 1 2 3 |  3.2
Stealth        | |  2.4

Action                   |  1- 3 |  4- 6 |  7- 9 | 10-12 || total
-------------------------+-------+-------+-------+-------++-------
Melee: Dagger            |     5 |    10 |    98 |    26 ||   139
       Kick              |       |       |    14 |     5 ||    19
 Cast: Flame Tongue      |    31 |    81 |   134 |    65 ||   311
       Throw Flame       |    21 |    54 |    56 |     4 ||   135
       Inner Flame       |       |     2 |     2 |     5 ||     9
       Conjure Flame     |       |     1 |     3 |     4 ||     8
       Sandblast         |       |       |     7 |       ||     7
       Sticky Flame      |       |       |    25 |     7 ||    32
       Fireball          |       |       |     6 |     2 ||     8
       Stone Arrow       |       |       |     4 |       ||     4
  Use: Scroll            |     2 |     6 |    11 |     1 ||    20
       Potion            |       |       |     7 |     4 ||    11
 Stab: Sleeping          |     2 |     8 |     1 |     1 ||    12
  Eat: Chunk             |     4 |    10 |     8 |     4 ||    26
       Fruit             |       |       |     8 |       ||     8
       Beef jerky        |       |       |     1 |       ||     1
       Meat ration       |       |       |     1 |       ||     1
Armor: Robe              |       |     7 |    34 |    33 ||    74
Dodge: Dodged            |     7 |    32 |   106 |    66 ||   211
